 Dungeon Crawl Stone Soup version 0.19.0-11-g3fc08b3 (webtiles) character file.

5023 Bluestream the Destroyer (level 10, -1/50 HPs)
             Began as a Deep Elf Conjurer on Nov 9, 2016.
             Was a Follower of Vehumet.
             Slain by an orc warrior
             ... wielding a +1 quarterstaff of draining
              (8 damage)
             ... on level 9 of the Dungeon.
             The game lasted 00:23:02 (11066 turns).

Bluestream the Destroyer (Deep Elf Conjurer)       Turns: 11066, Time: 00:23:03

Health: -1/50      AC:  5    Str:  6    XL:     10   Next: 30%
Magic:  17/26      EV: 18    Int: 26    God:    Vehumet [*.....]
Gold:   459        SH:  0    Dex: 20    Spells: 6 memorised, 10 levels left

rFire  + . .     SeeInvis .     m - staff of fire
rCold  . . .     Gourm    .     H - +0 robe
rNeg   . . .     Faith    .     (no shield)
rPois  .         Spirit   .     M - +0 helmet "Couwokh" {Int+3 Dex+5}
rElec  .         Reflect  .     (no cloak)
rCorr  .         Harm     .     u - +0 pair of gloves
MR     +....                    I - +0 pair of boots (curse)
Stlth  ++........               (no amulet)
                                (no ring)
                                (no ring)

@: drained
A: no striking features
a: Renounce Religion


You were on level 9 of the Dungeon.
You worshipped Vehumet.
Vehumet was aware of your devotion.
You were hungry.

You visited 2 branches of the dungeon, and saw 10 of its levels.
You also visited: Sewer.

You collected 459 gold pieces.

Inventory:

Armour
 a - a +0 robe
 h - a +0 robe
 s - a +0 robe
 u - a +0 pair of gloves (worn)
 x - a +0 robe
 z - a -2 robe
 H - a +0 robe (worn)
 I - a cursed +0 pair of boots (worn)
 M - the +0 helmet "Couwokh" (worn) {Int+3 Dex+5}
   (You found it on level 7 of the Dungeon)

   It affects your intelligence (+3).
   It affects your dexterity (+5).
Magical Staves
 m - an uncursed staff of fire (weapon)
Jewellery
 E - an uncursed ring of resist corrosion
Wands
 j - a wand of flame (15/48)
 l - a wand of random effects (20/48)
 r - a wand of hasting (2/9)
 J - a wand of iceblast (2/15)
 K - a wand of digging (13/24)
Scrolls
 i - 3 scrolls of remove curse
 n - 2 scrolls of identify
 w - 2 scrolls of teleportation
 y - 4 scrolls of fog
 G - 2 scrolls of brand weapon {unknown}
Potions
 d - 5 potions of might
 e - 3 potions of curing
 g - 2 potions of heal wounds
 o - 2 potions of resistance
 p - 2 potions of cancellation
 q - 2 potions of mutation
 t - 2 potions of degeneration {unknown}
 A - a potion of berserk rage {unknown}
 B - a potion of magic {unknown}
 D - 2 potions of agility {unknown}
Books
 b - a book of Conjurations

   Spells                             Type                      Level
   a - Magic Dart                     Conjuration                  1
   b - Searing Ray                    Conjuration                  2
   c - Dazzling Spray                 Conjuration/Hexes            3
   d - Fulminant Prism                Conjuration/Hexes            4
   e - Iskenderun's Mystic Blast      Conjuration                  4
   f - Iskenderun's Battlesphere      Conjuration/Charms           5
 C - a book of Minor Magic

   Spells                             Type                      Level
   a - Magic Dart                     Conjuration                  1
   b - Blink                          Translocation                2
   c - Call Imp                       Summoning                    2
   d - Repel Missiles                 Charms/Air                   2
   e - Slow                           Hexes                        2
   f - Conjure Flame                  Conjuration/Fire             3
   g - Mephitic Cloud                 Conjuration/Poison/Air       3
 F - a book of Frost

   Spells                             Type                      Level
   a - Freeze                         Ice                          1
   b - Throw Frost                    Conjuration/Ice              2
   c - Ozocubu's Armour               Charms/Ice                   3
   d - Throw Icicle                   Conjuration/Ice              4
   e - Summon Ice Beast               Ice/Summoning                4
 L - a book of Beasts

   Spells                             Type                      Level
   a - Summon Butterflies             Summoning                    1
   b - Call Canine Familiar           Summoning                    3
   c - Summon Ice Beast               Ice/Summoning                4
   d - Summon Mana Viper              Hexes/Summoning              5
   e - Summon Hydra                   Summoning                    7
Comestibles
 c - 9 bread rations
 f - 9 meat rations
 k - 3 beef jerkies
 v - a fruit


   Skills:
 - Level 0.2(0.0) Fighting
 + Level 8.8(7.5) Dodging
 - Level 3.5(2.4) Stealth
 + Level 10.3(9.0) Spellcasting
 * Level 12.4(11.1) Conjurations


You had 10 spell levels left.
You knew the following spells:

 Your Spells              Type           Power        Failure   Level  Hunger
a - Magic Dart            Conj           ####         1%          1    None
b - Searing Ray           Conj           ######       1%          2    None
c - Dazzling Spray        Conj/Hex       #####.       1%          3    None
d - Fulminant Prism       Conj/Hex       #####.....   8%          4    #......
e - Iskenderun's Mystic   Conj           ######..     1%          4    #......
f - Iskenderun's Battles  Conj/Chrm      #####...     17%         5    ####...


Dungeon Overview and Level Annotations

Branches:
Dungeon (9/15)             Temple (1/1) D:5
   Lair: D:8-11         Orc: D:9-12

Altars:
Ashenzari
Cheibriados
Dithmenos
Elyvilon
Fedhas
Gozag
Hepliaklqana
Kikubaaqudgha
Makhleb
Nemelex Xobeh
Okawaru
Qazlal
Ru
Sif Muna
Trog
Uskayaw
Vehumet
Xom
Zin
The Shining One

Annotations:
D:6 1 exclusion


Message History

Casting: Magic Dart
Confirm with . or Enter, or press ? or * to list all spells.
Aiming: Magic Dart
Press: ? - help, Shift-Dir - straight line, f/p - orc warrior
Aim: an orc warrior, wielding a quarterstaff of draining and wearing a chain mail (almost dead)
The magic dart hits the orc warrior.
The orc warrior is almost dead.
The orc warrior hits you with a quarterstaff of draining!
You feel drained.
Casting: Magic Dart
Confirm with . or Enter, or press ? or * to list all spells.
Aiming: Magic Dart
Press: ? - help, Shift-Dir - straight line, f/p - orc warrior
Aim: an orc warrior, wielding a quarterstaff of draining and wearing a chain mail (almost dead)
The magic dart hits the orc warrior.
The orc warrior is almost dead.
The orc warrior hits you with a quarterstaff of draining!!
* * * LOW HITPOINT WARNING * * *
You feel drained.
You die...

##..#.......
#...........
##..#........
##..#....o....
##..##.........
#..###.........
#..# ..........
#..# ..........
#.@##..........
#..o)........
##.........
#....h....
#....)....
..........
...........
#..........
#######....


You could see an orc warrior and a hound.

Vanquished Creatures
  The ghost of Crag the Stinger, an amateur NaVM (D:4)
  A hornet (D:9)
  A hippogriff (D:9)
  The ghost of Jarno the Cudgeler, an amateur GrGl of Ru (D:5)
  Sigmund (D:3)
  4 yaks (D:9)
  Duvessa (D:7)
  The ghost of Mukku the Slasher, an amateur VSMo (D:3)
  2 ice beasts (D:9)
  An orc warrior (D:9)
  2 phantoms (D:6)
  2 ogres
  2 sky beasts (D:6)
  4 centaurs
  A crocodile (Sewer)
  2 big kobolds (D:8)
  3 bullfrogs
  A gnoll sergeant (D:8)
  Dowan (D:7)
  2 howler monkeys (D:5)
  A bullfrog zombie (D:8)
  2 centaur zombies
  8 crimson imps
  3 hounds
  6 orc priests
  2 bullfrog skeletons
  2 jellies
  6 orc wizards
  Jessica (D:2)
  Terence (D:3)
  4 iguanas
  Natasha (thrice) (D:3)
  3 worker ants
  A hound skeleton (D:6)
  2 howler monkey zombies (D:5)
  5 gnolls (D:8)
  13 adders
  A howler monkey skeleton (D:4)
  2 shadow imps
  3 oozes
  An adder zombie (D:6)
  An adder skeleton (D:8)
  3 worms (D:2)
  9 leopard geckos
  29 orcs
  7 giant cockroaches
  8 goblins
  4 hobgoblins
  6 jackals
  8 kobolds
  5 quokkas
  2 ball pythons
  11 bats
  2 frilled lizards
  A leopard gecko skeleton (D:8)
  7 rats
207 creatures vanquished.

Vanquished Creatures (others)
  13 fulminant prisms
13 creatures vanquished.

Grand Total: 220 creatures vanquished

Notes
Turn   | Place    | Note
-------+----------+-------------------------------------------
     0 | D:1      | Bluestream the Deep Elf Conjurer began the quest for the Orb.
     0 | D:1      | Reached XP level 1. HP: 10/10 MP: 6/6
   397 | D:1      | Reached XP level 2. HP: 15/15 MP: 5/8
   474 | D:2      | Reached skill level 5 in Conjurations
   610 | D:2      | Reached XP level 3. HP: 19/19 MP: 3/9
   984 | D:2      | Found a glowing golden altar of the Shining One.
  1330 | D:2      | Noticed Jessica
  1332 | D:2      | Killed Jessica
  1332 | D:2      | Reached XP level 4. HP: 24/24 MP: 7/11
  1472 | D:2      | Found a burning altar of Makhleb.
  1474 | D:2      | Reached skill level 6 in Conjurations
  1510 | D:3      | Noticed Natasha
  1567 | D:3      | Killed Natasha
  1567 | D:3      | Reached XP level 5. HP: 21/28 MP: 4/13
  1571 | D:3      | Learned a level 2 spell: Searing Ray
  1594 | D:3      | Noticed Natasha
  1597 | D:3      | Killed Natasha
  1701 | D:3      | Found a sacrificial altar of Ru.
  1786 | D:3      | Noticed Natasha
  1789 | D:3      | Killed Natasha
  1791 | D:3      | Noticed Terence
  1908 | D:3      | Killed Terence
  2072 | D:3      | Noticed Mukku's ghost (amateur VSMo)
  2081 | D:3      | Killed Mukku's ghost
  2081 | D:3      | Reached skill level 5 in Spellcasting
  2081 | D:3      | Reached skill level 7 in Conjurations
  2081 | D:3      | Reached XP level 6. HP: 30/32 MP: 4/15
  2191 | D:3      | Noticed Sigmund
  2200 | D:3      | Killed Sigmund
  2630 | D:3      | Reached XP level 7. HP: 36/36 MP: 12/17
  3097 | D:4      | Noticed Crag's ghost (amateur NaVM)
  3110 | D:4      | Killed Crag's ghost
  3110 | D:4      | Reached skill level 8 in Conjurations
  3695 | D:4      | Found a glowing drain.
  3710 | Sewer    | Entered a sewer
  4157 | D:5      | Entered Level 5 of the Dungeon
  4157 | D:5      | Found a staircase to the Ecumenical Temple.
  4159 | D:5      | Reached XP level 8. HP: 41/41 MP: 17/20
  4376 | D:5      | Learned a level 3 spell: Dazzling Spray
  4381 | D:5      | Learned a level 4 spell: Fulminant Prism
  4386 | D:5      | Learned a level 4 spell: Iskenderun's Mystic Blast
  4392 | D:5      | Learned a level 5 spell: Iskenderun's Battlesphere
  4484 | D:5      | Reached skill level 9 in Conjurations
  4624 | D:5      | Found a stormy altar of Qazlal.
  4638 | D:5      | Reached skill level 5 in Dodging
  4737 | D:5      | HP: 2/41 [centaur/arrow (9)]
  5118 | D:5      | Noticed Jarno's ghost (amateur GrGl)
  5162 | D:5      | Killed Jarno's ghost
  5422 | D:5      | Found a shimmering altar of Xom.
  5422 | D:5      | Found a shattered altar of Ashenzari.
  5438 | D:5      | Found a white marble altar of Elyvilon.
  5441 | D:5      | Found a blossoming altar of Fedhas.
  5820 | D:6      | Reached skill level 10 in Conjurations
  6282 | D:6      | Reached XP level 9. HP: 24/45 MP: 16/23
  7490 | D:7      | Got a faintly humming helmet
  7496 | D:7      | Identified the +0 helmet "Couwokh" {Int+3 Dex+5} (You found it on level 7 of the Dungeon)
  7698 | D:7      | Reached skill level 11 in Conjurations
  7812 | D:7      | Noticed Duvessa
  7814 | D:7      | Noticed Dowan
  7822 | D:7      | Killed Dowan
  7827 | D:7      | Killed Duvessa
  8868 | Temple   | Entered the Ecumenical Temple
  8891 | Temple   | Became a worshipper of Vehumet
  9489 | D:8      | Reached * piety under Vehumet
  9489 | D:8      | Offered knowledge of Flame Tongue by Vehumet.
 10299 | D:9      | Reached XP level 10. HP: 21/50 MP: 14/25
 10530 | D:9      | Reached skill level 10 in Spellcasting
 10594 | D:9      | Reached skill level 12 in Conjurations
 11066 | D:9      | Slain by an orc warrior

Skill      XL: |  1  2  3  4  5  6  7  8  9 10 |
---------------+-------------------------------+-----
Conjurations   | 5 6 7 8 10 11 12 | 12.4
Spellcasting   | 4 5 7 8 9 10 | 10.3
Stealth        | 3 |  3.5
Dodging        | 3 4 6 8 |  8.8
Fighting       | |  0.2

Action                   |  1- 3 |  4- 6 |  7- 9 | 10-12 || total
-------------------------+-------+-------+-------+-------++-------
Melee: Unarmed           |     1 |       |     3 |       ||     4
 Cast: Magic Dart        |    60 |    70 |   412 |    31 ||   573
       Searing Ray       |       |     8 |    43 |     5 ||    56
       Fulminant Prism   |       |       |     8 |     5 ||    13
  Use: Scroll            |       |       |    16 |       ||    16
       Potion            |       |       |     2 |       ||     2
  Eat: Chunk             |     1 |     3 |    22 |     2 ||    28
       Fruit             |       |       |     2 |       ||     2
Armor: Robe              |     2 |     3 |    22 |     3 ||    30
Dodge: Dodged            |     2 |    20 |   141 |    16 ||   179
